 Dungeon Crawl Stone Soup version 0.24.1 (webtiles) character file.

Game seed: 15409247300649937529, levelgen mode: deterministic

157230 Peloso the Peltast (level 17, 0/154 HPs)
             Began as a Minotaur Fighter on Apr 4, 2020.
             Was the Champion of Okawaru.
             Killed from afar by a deep elf sorcerer (29 damage)
             ... with a bolt of acid
             ... on level 3 of the Elven Halls on Apr 5, 2020.
             The game lasted 01:27:49 (28913 turns).

Peloso the Peltast (Minotaur Fighter)              Turns: 28913, Time: 01:27:49

Health: 0/154      AC: 22    Str: 33    XL:     17   Next: 12%
Magic:  17/17      EV: 17    Int:  5    God:    Okawaru [******]
Gold:   3348       SH: 27    Dex: 16    Spells: 16/16 levels left

rFire    + . .     SeeInvis .   b - +7 morningstar of Spores {flame, rN+ MR+ Str+4}
rCold    + + .     Gourm    .   c - +2 large shield {reflect}
rNeg     + . .     Faith    .   G - +3 swamp dragon scales of Understanding {rElec rPois MR- Regen+}
rPois    +         Spirit   .   D - +1 hat {MR+}
rElec    +         Reflect  +   N - scarf {rC+ rF+}
rCorr    .         Harm     .   S - +2 pair of gloves {archery}
MR       +++..                  U - +2 pair of boots of the Assassin {Detection Stab+ Stlth++}
Stlth    +++++.....             x - amulet of magic regeneration
HPRegen  0.75/turn              P - ring of Qioffye {Str+3 Dex+4}
MPRegen  0.40/turn              z - ring of Kotzaydd {+Inv rC+ MR+}

@: about to teleport, lightly drained
A: retaliatory headbutt, horns 2
a: Heroism, Finesse, Renounce Religion, Evoke Invisibility


You were on level 3 of the Elven Halls.
You worshipped Okawaru.
Okawaru was exalted by your worship.
You were full.

You visited 5 branches of the dungeon, and saw 27 of its levels.
You also visited: Gauntlet, Ice Cave and Volcano.

You collected 3561 gold pieces.
You spent 213 gold pieces at shops.

Inventory:

Hand Weapons
 a - a +3 scimitar of flaming
 b - the +7 morningstar of Spores (weapon) {flame, rN+ MR+ Str+4}
   (You found it on level 6 of the Dungeon)

   It has been specially enchanted to burn those struck by it, causing extra
   injury to most foes and up to half again as much damage against particularly
   susceptible opponents.
   It affects your strength (+4).
   It protects you from negative energy.
   It affects your resistance to hostile enchantments.
 B - the +7 morningstar of the Demagogue {drain, +Fly rF+ Str+2}
   (Okawaru gifted it to you on level 3 of the Elven Halls)

   A truly terrible weapon, it drains the life of those it strikes.
   It affects your strength (+2).
   It protects you from fire.
   It lets you fly.
Armour
 c - a +2 large shield of reflection (worn)
 D - a +1 hat of magic resistance (worn)
 G - the +3 swamp dragon scales of Understanding (worn) {rElec rPois MR- Regen+}
   (You took it off a minotaur in a Gauntlet)

   It insulates you from electricity.
   It protects you from poison.
   It affects your resistance to hostile enchantments.
   It increases your rate of regeneration.
 J - a +2 plate armour of poison resistance
 K - a +0 pair of boots of flying
 N - a scarf of resistance (worn)
 S - a +2 pair of gloves of archery (worn)
 U - the +2 pair of boots of the Assassin (worn) {Detection Stab+ Stlth++}
   (You found it in a Gauntlet)

   It makes you much more stealthy.
Jewellery
 m - an uncursed amulet of the gourmand
 u - an uncursed ring of poison resistance
 x - an amulet of magic regeneration (around neck)
 y - an uncursed ring of protection from cold
 z - the ring of Kotzaydd (right hand) {+Inv rC+ MR+}
   (You found it on level 1 of the Orcish Mines)

   [ring of protection from cold]

   It protects you from cold.
   It affects your resistance to hostile enchantments.
   It lets you turn invisible.
 F - the ring "Veimpuicoz" {rElec MR+}
   (You found it in a Gauntlet)

   [ring of protection from magic]

   It insulates you from electricity.
   It affects your resistance to hostile enchantments.
 P - the ring of Qioffye (left hand) {Str+3 Dex+4}
   (You found it in a Gauntlet)

   [ring of strength]

   It affects your strength (+3).
   It affects your dexterity (+4).
Wands
 h - a wand of flame (14)
 n - a wand of enslavement (4)
 r - a wand of iceblast (24)
 t - a wand of random effects (17)
Scrolls
 e - 3 scrolls of fear
 g - 10 scrolls of remove curse
 i - a scroll of silence
 j - a scroll of enchant weapon
 k - 6 scrolls of identify
 l - 4 scrolls of magic mapping
 q - a scroll of noise
 s - 5 scrolls of teleportation
 I - 4 scrolls of blinking
Potions
 d - 4 potions of might
 o - 6 potions of agility
 p - 4 potions of resistance
 v - 5 potions of flight
 w - 12 potions of curing
 A - 2 potions of brilliance
 O - 2 potions of berserk rage
Comestibles
 f - 41 rations
 C - 7 chunks of flesh


   Skills:
 + Level 14.9(14.5) Fighting
 + Level 7.8(7.5) Long Blades
 + Level 18.0(17.6) Maces & Flails
 + Level 13.5(13.2) Armour
 + Level 9.6(9.3) Dodging
 + Level 6.3(6.0) Stealth
 + Level 19.5(19.1) Shields
 + Level 2.0(1.8) Invocations
 + Level 0.5(0.3) Evocations


You had 16 spell levels left.
You didn't know any spells.
Your spell library contained the following spells:

 Spells                   Type           Power        Failure   Level  Hunger
 Animate Skeleton         Necr           N/A          82%         1    ##.....
 Apportation              Tloc           #.....       82%         1    ##.....
 Beastly Appendage        Tmut           #.....       82%         1    ##.....
 Confusing Touch          Hex            #.....       82%         1    ##.....
 Corona                   Hex            #......      82%         1    ##.....
 Infusion                 Chrm           #...         82%         1    ##.....
 Magic Dart               Conj           #...         82%         1    ##.....
 Shock                    Conj/Air       #...         82%         1    ##.....
 Sting                    Conj/Pois      #...         82%         1    ##.....
 Summon Butterflies       Summ           #.......     82%         1    ##.....
 Summon Small Mammal      Summ           #...         82%         1    ##.....
 Blink                    Tloc           N/A          91%         2    ###....
 Call Imp                 Summ           #.......     91%         2    ###....
 Ensorcelled Hibernation  Hex/Ice        #.....       91%         2    ###....
 Slow                     Hex            #.......     91%         2    ###....
 Swiftness                Chrm/Air       #.......     91%         2    ###....
 Confuse                  Hex            #.......     99%         3    ####...
 Conjure Flame            Conj/Fire      #.......     99%         3    ####...
 Dazzling Spray           Conj/Hex       #.....       99%         3    ####...
 Lesser Beckoning         Tloc           #.........   99%         3    ####...
 Mephitic Cloud           Conj/Pois/Air  #.......     99%         3    ####...
 Ozocubu's Armour         Chrm/Ice       #.......     99%         3    ####...
 Spectral Weapon          Hex/Chrm       #.......     99%         3    ####...
 Spider Form              Tmut/Pois      #.........   99%         3    ####...
 Static Discharge         Conj/Air       #.......     99%         3    ####...
 Tukima's Dance           Hex            #.......     99%         3    ####...
 Airstrike                Air            #.........   100%        4    #####..
 Ice Form                 Ice/Tmut       #.......     100%        4    #####..
 Olgreb's Toxic Radiance  Pois           #.......     100%        4    #####..
 Throw Icicle             Conj/Ice       #.......     100%        4    #####..
 Alistair's Intoxication  Tmut/Pois      #.......     100%        5    ######.
 Lightning Bolt           Conj/Air       #.........   100%        5    ######.
 Metabolic Englaciation   Hex/Ice        #.........   100%        5    ######.
 Bolt of Cold             Conj/Ice       #.........   100%        6    #######
 Deflect Missiles         Chrm/Air       #.........   100%        6    #######
 Freezing Cloud           Conj/Ice/Air   #.........   100%        6    #######
 Invisibility             Hex            #.......     100%        6    #######
 Ozocubu's Refrigeration  Ice            #.........   100%        6    #######
 Simulacrum               Ice/Necr       #.........   100%        6    #######
 Dragon Form              Tmut           #.........   100%        7    #######
 Ring of Flames           Chrm/Fire      #.........   100%        7    #######


Dungeon Overview and Level Annotations

Branches:
Dungeon (15/15)            Temple (1/1) D:4            Lair (6/6) D:11
  Swamp (0/4) Lair:2       Spider (0/4) Lair:2          Orc (2/2) D:12
    Elf (3/3) Orc:2        Vaults (0/5) D:14         Depths (0/5) D:15
  IceCv (visited)         Volcano (visited)         Gauntlet (visited)
  Slime: Lair:5-6

Altars:
Ashenzari
Cheibriados
Dithmenos
Elyvilon
Fedhas
Gozag
Hepliaklqana
Kikubaaqudgha
Makhleb
Nemelex Xobeh
Okawaru
Qazlal
Ru
Sif Muna
Trog
Uskayaw
Vehumet
Wu Jian
Xom
Yredelemnul
Zin
The Shining One
Beogh

Shops:
D:6 **   D:14 *   Orc:2 *[(=

Annotations:
Elf:2 5 runed translucent doors


Innate Abilities, Weirdness & Mutations

You reflexively headbutt those who attack you in melee.
You have a pair of horns on your head.


Message History

The bolt of negative energy hits you! You partially resist.
You feel drained.
* * * LOW HITPOINT WARNING * * *
Unknown command.
The deep elf death mage barely misses you.
You furiously retaliate!
You headbutt the deep elf death mage.
You block the deep elf sorcerer's attack.
The deep elf death mage hits you with a +0 dagger!
* * * LOW HITPOINT WARNING * * *
Unknown command.
As you read the scroll of teleportation, it crumbles to dust.
You feel strangely unstable. The deep elf sorcerer misses you.
You block the deep elf sorcerer's attack.
The deep elf death mage hits you but does no damage.
You block the deep elf sorcerer's attack.
The deep elf death mage hits you with a +0 dagger.
* * * LOW HITPOINT WARNING * * *
The deep elf death mage hits you but does no damage.
The deep elf sorcerer points at you and mumbles some strange words.
The bolt of acid hits you!!
You die...

.###.#....≈≈#..#...#
.##.##....≈≈#..'...#....
'#'###....≈≈#..#...#... ##
...###....≈≈#..#...#°°○ .#
....##....≈≈#..#...#.° .##
....##....≈≈#..#...#..##..##
....'.....≈≈#..#...#.##....###
.)..##....≈≈#..#...#.#..)....#
....##....≈≈#..#@###....e.#
...###....≈≈#..'eee#.{...##
'### #....≈≈#..#.e...)..## .#
##....≈≈#..#............ .#
##.....≈≈#..#...#..######
'###.#...≈≈≈#'###........
...'##...≈≈##. ##...#....
....##..≈≈##.. ##..#.....
.....#..≈≈# .. #'###'###


You could see 2 deep elf death magi and 2 deep elf sorcerers.

Vanquished Creatures
  Bai Suzhen (Elf:3)
  Nikola (Elf:3)
  Jorgrun (D:12)
  Kirke (D:12)
  A fire giant (Orc:1)
  A deep elf sorcerer (Elf:3)
  An orc warlord (Orc:2)
  A deep elf elementalist (Elf:3)
  A very ugly thing (Elf:1)
  A stone giant (Volcano)
  A deep elf demonologist (Elf:3)
  A minotaur (Gauntlet)
  A deep elf death mage (Elf:3)
  A fire dragon (Lair:6)
  An ettin (Orc:1)
  2 blizzard demons (IceCv)
  A great orb of eyes (Gauntlet)
  4 vault guards
  6 hydras
  2 catoblepae
  A death knight (D:14)
  4 centaur warriors
  8 dancing weapons
  8 two-headed ogres
  A tengu warrior (Gauntlet)
  Urug (D:12)
  3 orc high priests (Orc:2)
  Sonja (D:10)
  8 deep elf knights
  Nergalle (Lair:2)
  2 deep elf archers
  3 unseen horrors
  A wizard (D:15)
  A lindwurm (Lair:6)
  7 orc knights
  A necromancer (D:15)
  A phantasmal warrior (D:14)
  A wolf spider (D:15)
  30 ugly things
  An orb spider (Lair:2)
  12 cyclopes
  30 deep elf magi
  A manticore (D:13)
  8 orc sorcerers
  Joseph (D:8)
  4 elephants (Lair:5)
  An ice statue (Lair:4)
  14 spiny frogs
  2 black mambas
  2 gargoyles
  5 molten gargoyles
  A naga mage (D:15)
  A rime drake (Lair:5)
  An efreet (Volcano)
  2 kobold demonologists
  7 komodo dragons
  6 freezing wraiths
  7 ice devils (IceCv)
  A demonic crawler (Lair:3)
  6 anaconda simulacra (IceCv)
  2 tengu conjurers (Gauntlet)
  7 trolls
  A hornet (D:13)
  A wolf spider simulacrum (D:15)
  4 polar bears
  A harpy skeleton (D:15)
  A slime creature (D:14)
  24 blink frogs
  5 dream sheep
  A raiju (shapeshifter) (Elf:1)
  A bog body (Lair:2)
  15 hippogriffs
  2 meliai zombies
  4 water elementals
  11 wyverns
  2 air elementals
  31 yaks
  2 dire elephant simulacra (IceCv)
  A spriggan (shapeshifter) (D:13)
  4 fire elementals
  A wraith (D:12)
  2 humans (D:7)
  5 basilisks
  A fire bat (Volcano)
  A steam dragon (D:11)
  3 vampire mosquitoes (D:14)
  A death yak simulacrum (IceCv)
  3 swamp worms (Lair:3)
  A naga (shapeshifter) (D:13)
  4 harpy simulacra
  11 wargs
  A soldier ant (D:14)
  3 hell hounds (Lair:6)
  2 hydra simulacra (IceCv)
  An acid dragon (D:14)
  7 water moccasins
  9 ice beasts
  8 porcupines
  A hornet zombie (D:7)
  3 eyes of draining
  28 orc warriors
  A black bear (D:7)
  5 phantoms
  4 sky beasts
  14 ogres
  An alligator simulacrum (IceCv)
  2 ettin simulacra (IceCv)
  15 wolves
  16 centaurs
  10 crocodiles
  2 big kobolds
  13 bullfrogs
  3 earth elementals
  An elephant simulacrum (IceCv)
  A hornet simulacrum (Gauntlet)
  2 scorpions
  8 killer bees
  4 wights (D:12)
  3 electric eels
  4 howler monkeys
  4 crimson imps
  8 lava snakes
  5 centaur zombies
  2 draconian simulacra (IceCv)
  5 jellies
  6 hounds
  12 orc priests
  4 bullfrog skeletons
  6 centaur skeletons
  19 orc wizards
  7 iguanas
  6 worker ants
  4 troll simulacra (IceCv)
  2 spriggan simulacra (IceCv)
  A wolf simulacrum (IceCv)
  7 centaur simulacra
  2 worker ant zombies
  7 gnolls
  A naga simulacrum (IceCv)
  13 adders
  An ogre simulacrum (IceCv)
  A shadow imp (D:9)
  4 white imps
  6 ufetubi (IceCv)
  5 oozes (D:14)
  8 worms
  A dart slug (D:3)
  10 leopard geckos
  60 orcs
  2 ball pythons
  5 bats
  5 giant cockroaches
  10 hobgoblins
  8 jackals
  14 kobolds
  6 quokkas
  6 frilled lizards
  A giant cockroach zombie (D:5)
  11 goblins
  2 quokka skeletons
  11 rats
  4 fungi
  A plant (Lair:3)
854 creatures vanquished.

Vanquished Creatures (others)
  3 deep elf sorcerers (Elf:3)
  Nessos (Lair:5)
  A deep elf annihilator (Elf:3)
  A deep elf knight (Elf:1)
  A deep elf archer (Elf:3)
  5 cyclopes
  A centaur skeleton (D:15)
  A meliai zombie (D:15)
  2 humans (D:12)
  An orc warrior (Orc:2)
  3 centaurs
  A wight (D:12)
  A jelly (D:12)
  4 orcs
  A goblin (D:12)
  2 bushes (D:15)
  4 fungi (Gauntlet)
  7 plants
40 creatures vanquished.

Grand Total: 894 creatures vanquished

Notes
Turn   | Place    | Note
-------+----------+-------------------------------------------
     0 | D:1      | Peloso the Minotaur Fighter began the quest for the Orb.
     0 | D:1      | Reached XP level 1. HP: 19/19 MP: 0/0
    82 | D:1      | Reached XP level 2. HP: 24/27 MP: 1/1
   543 | D:2      | Reached XP level 3. HP: 33/33 MP: 2/2
   555 | D:2      | Reached skill level 4 in Shields
   735 | D:2      | Reached XP level 4. HP: 25/40 MP: 3/3
  1958 | D:2      | Reached skill level 1 in Dodging
  1958 | D:2      | Reached XP level 5. HP: 16/47 MP: 4/4
  2617 | D:3      | Found a faded altar of an unknown god.
  2748 | D:3      | Reached skill level 5 in Armour
  3046 | D:3      | Reached XP level 6. HP: 28/53 MP: 5/5
  3357 | D:4      | Reached skill level 5 in Long Blades
  3357 | D:4      | Reached skill level 5 in Shields
  3492 | D:4      | Reached skill level 5 in Fighting
  3492 | D:4      | Reached XP level 7. HP: 52/61 MP: 6/6
  3645 | D:4      | Found a staircase to the Ecumenical Temple.
  3655 | Temple   | Entered the Ecumenical Temple
  4202 | D:5      | Entered Level 5 of the Dungeon
  4672 | D:5      | Found a white marble altar of Elyvilon.
  5304 | D:6      | Found Igothei's General Store.
  5423 | D:6      | Got an ivory morningstar
  5447 | D:6      | Reached XP level 8. HP: 63/69 MP: 7/7
  5492 | D:6      | Identified the +7 morningstar of Spores {flame, rN+ MR+
                  | Str+4} (You found it on level 6 of the Dungeon)
  5541 | D:6      | Reached skill level 6 in Shields
  5738 | D:6      | Reached skill level 1 in Maces & Flails
  5749 | D:6      | Found Zin's Purification Station.
  5753 | D:6      | Found a glowing silver altar of Zin.
  5784 | D:6      | Bought a potion of curing for 33 gold pieces
  5784 | D:6      | Bought a scroll of remove curse for 33 gold pieces
  6142 | D:7      | Found a radiant altar of Vehumet.
  6262 | D:7      | Reached skill level 7 in Shields
  6904 | D:7      | Found an iron altar of Okawaru.
  6927 | D:7      | Reached XP level 9. HP: 75/75 MP: 8/8
  6949 | D:7      | Became a worshipper of Warmaster Okawaru
  7097 | D:8      | Reached skill level 5 in Maces & Flails
  7115 | D:8      | Noticed Joseph
  7583 | D:8      | Killed Joseph
  7615 | D:8      | Found a shimmering altar of Xom.
  7675 | D:8      | Found a hazy altar of Hepliaklqana.
  7984 | D:8      | Reached * piety under Okawaru
  8124 | D:9      | Reached skill level 8 in Shields
  8126 | D:9      | Identified the Papyrus of the Glacier
  8168 | D:9      | Reached skill level 1 in Stealth
  8467 | D:9      | Reached ** piety under Okawaru
  8506 | D:9      | Reached XP level 10. HP: 55/86 MP: 9/9
  8716 | D:9      | Found an ancient bone altar of Kikubaaqudgha.
  8786 | D:9      | Noticed a two-headed ogre
  8793 | D:9      | Killed a two-headed ogre
  8793 | D:9      | Reached skill level 9 in Shields
  8794 | D:9      | Noticed a two-headed ogre
  8808 | D:9      | Killed a two-headed ogre
  8808 | D:9      | Reached *** piety under Okawaru
  8942 | D:10     | Entered Level 10 of the Dungeon
  9005 | D:10     | Reached **** piety under Okawaru
  9054 | D:10     | Killed an unseen horror
  9054 | D:10     | Reached skill level 10 in Maces & Flails
  9054 | D:10     | Reached skill level 10 in Armour
  9126 | D:10     | Noticed Sonja
  9133 | D:10     | Killed Sonja
  9133 | D:10     | Reached ***** piety under Okawaru
  9133 | D:10     | Reached skill level 10 in Shields
  9133 | D:10     | Reached XP level 11. HP: 86/95 MP: 8/10
  9301 | D:10     | Received a gift from Okawaru
  9672 | D:11     | Killed an unseen horror
  9694 | D:11     | Found a staircase to the Lair.
  9772 | D:11     | Noticed a centaur warrior
  9781 | D:11     | Killed a centaur warrior
 10764 | D:11     | Noticed a two-headed ogre
 10771 | D:11     | Killed a two-headed ogre
 10771 | D:11     | Received a gift from Okawaru
 10970 | D:12     | Noticed a deep elf mage
 10980 | D:12     | Killed a deep elf mage
 11140 | D:12     | Noticed Jorgrun
 11151 | D:12     | Killed Jorgrun
 11151 | D:12     | Received a gift from Okawaru
 11156 | D:12     | Reached skill level 11 in Shields
 11156 | D:12     | Reached XP level 12. HP: 85/105 MP: 9/11
 11179 | D:12     | Noticed Kirke
 11320 | D:12     | Found a staircase to the Orcish Mines.
 11338 | D:12     | Killed Kirke
 11443 | D:12     | Noticed Urug
 11455 | D:12     | Killed Urug
 11489 | D:12     | Reached skill level 1 in Invocations
 11496 | D:12     | Reached skill level 10 in Fighting
 12398 | D:12     | Identified a scroll of acquirement
 12605 | Lair:1   | Entered Level 1 of the Lair of Beasts
 12684 | Lair:1   | Found a gate leading to a gauntlet.
 12693 | Gauntlet | Entered a Gauntlet
 12693 | Gauntlet | Found a transporter.
 12693 | Gauntlet | Found a large runed translucent door.
 12693 | Gauntlet | Found a large runed translucent door.
 12693 | Gauntlet | Found a large runed translucent door.
 12693 | Gauntlet | Found a large runed translucent door.
 12693 | Gauntlet | Found a runed translucent door.
 12693 | Gauntlet | Found a runed translucent door.
 12693 | Gauntlet | Found a large runed translucent door.
 12693 | Gauntlet | Found a large runed translucent door.
 12693 | Gauntlet | Found a large runed translucent door.
 12693 | Gauntlet | Found a large runed translucent door.
 12693 | Gauntlet | Found a large runed translucent door.
 12693 | Gauntlet | Found a large runed translucent door.
 12694 | Gauntlet | Found a large runed translucent door.
 12694 | Gauntlet | Found a large runed translucent door.
 12695 | Gauntlet | Found a large runed translucent door.
 12695 | Gauntlet | Found a large runed translucent door.
 12695 | Gauntlet | Found a large runed translucent door.
 12695 | Gauntlet | Found a large runed translucent door.
 12702 | Gauntlet | Found a runed translucent gate.
 12702 | Gauntlet | Found a runed translucent gate.
 12702 | Gauntlet | Found a runed translucent gate.
 12704 | Gauntlet | Found a transporter.
 12706 | Gauntlet | Found a transporter.
 12708 | Gauntlet | Found a transporter.
 12727 | Gauntlet | Found a transporter.
 12739 | Gauntlet | Found a transporter.
 12744 | Gauntlet | Noticed an entropy weaver
 12747 | Gauntlet | Found a transporter.
 12767 | Gauntlet | Found a transporter.
 12805 | Gauntlet | Found a transporter.
 12814 | Gauntlet | Found a transporter.
 12835 | Gauntlet | Noticed a death scarab
 12836 | Gauntlet | Noticed a death scarab
 12844 | Gauntlet | Found a transporter.
 12844 | Gauntlet | Noticed a great orb of eyes
 12850 | Gauntlet | Found a transporter.
 12875 | Gauntlet | Found a transporter.
 12881 | Gauntlet | Found a transporter.
 12883 | Gauntlet | Found a transporter.
 12906 | Gauntlet | Found a transporter.
 12912 | Gauntlet | Found a transporter.
 12962 | Gauntlet | Found a transporter.
 12962 | Gauntlet | Noticed a tengu warrior
 13060 | Gauntlet | Killed a tengu warrior
 13060 | Gauntlet | Received a gift from Okawaru
 13143 | Gauntlet | Reached skill level 12 in Shields
 13153 | Gauntlet | Killed a great orb of eyes
 13170 | Gauntlet | Got an ancient bone ring
 13175 | Gauntlet | Identified the ring "Veimpuicoz" {rElec MR+} (You found it
                  | in a Gauntlet)
 13444 | Gauntlet | Identified the +3 swamp dragon scales of Understanding
                  | {rElec rPois MR- Regen+}
 13444 | Gauntlet | Noticed a minotaur
 13462 | Gauntlet | Killed a minotaur
 13474 | Gauntlet | Got a crude granite ring
 13484 | Gauntlet | Identified Sif Muna's Almanac of Aid
 13485 | Gauntlet | Found the +2 pair of boots of the Assassin {Detection Stab+
                  | Stlth++}
 13527 | Lair:1   | Identified the ring of Qioffye {Str+3 Dex+4} (You found it
                  | in a Gauntlet)
 14273 | Lair:2   | Noticed a catoblepas
 14274 | Lair:2   | Found a staircase to the Swamp.
 14294 | Lair:2   | Killed a catoblepas
 14294 | Lair:2   | Reached XP level 13. HP: 72/114 MP: 13/13
 14344 | Lair:2   | Found a hole to the Spider Nest.
 14505 | Lair:2   | You fall into a shaft and drop 1 floor!
 14580 | Lair:3   | Reached ****** piety under Okawaru
 15048 | Lair:3   | Received a gift from Okawaru
 15172 | Lair:2   | Noticed Nergalle
 15183 | Lair:2   | Killed Nergalle
 15980 | D:13     | Reached skill level 13 in Shields
 16619 | D:14     | Reached skill level 15 in Maces & Flails
 16621 | D:14     | Reached skill level 5 in Dodging
 16680 | D:14     | Found a gate to the Vaults.
 16831 | D:14     | Received a gift from Okawaru
 16831 | D:14     | Reached skill level 14 in Shields
 16914 | D:14     | Reached XP level 14. HP: 108/125 MP: 14/14
 17070 | D:14     | Found Konith's Assorted Antiques.
 17073 | D:14     | Bought an inky potion for 20 gold pieces
 17073 | D:14     | Bought a scroll labeled SEKHLO KEIKK for 23 gold pieces
 17679 | Orc:1    | Entered Level 1 of the Orcish Mines
 17858 | Orc:1    | Found a roughly hewn altar of Beogh.
 18670 | Orc:1    | Noticed a fire giant
 18672 | Orc:1    | Reached skill level 15 in Shields
 18680 | Orc:1    | Received a gift from Okawaru
 18694 | Orc:1    | Killed a fire giant
 18779 | Orc:1    | Got a sparkling copper ring
 18785 | Orc:1    | Got a bloodstained chain mail
 18802 | Orc:1    | Identified the cursed +1 chain mail of the Locust {rC+}
                  | (You found it on level 1 of the Orcish Mines)
 18806 | Orc:1    | Identified the ring of Kotzaydd {+Inv rC+ MR+} (You found
                  | it on level 1 of the Orcish Mines)
 18833 | Orc:1    | Got a crystal quarterstaff
 18834 | Orc:1    | Identified the +8 quarterstaff of the Vestibule of Hell
                  | {pain, rElec} (You found it on level 1 of the Orcish Mines)
 18853 | Orc:1    | Got a bloodstained spear
 18854 | Orc:1    | Identified the +8 spear of the Evening {elec, +Fly rF- rN+}
                  | (You found it on level 1 of the Orcish Mines)
 18943 | Orc:2    | Entered Level 2 of the Orcish Mines
 19005 | Orc:2    | Found a staircase to the Elven Halls.
 19020 | Orc:2    | Found a dark tunnel.
 19029 | Volcano  | Entered a volcano
 19223 | Volcano  | Found a burning altar of Makhleb.
 19241 | Volcano  | Noticed a stone giant
 19248 | Volcano  | Killed a stone giant
 19416 | Orc:2    | Found Toniviuf's Jewellery Emporium.
 19707 | Orc:2    | Found Yzyigeg's Antique Armour Boutique.
 19721 | Orc:2    | Noticed an orc warlord
 19873 | Orc:2    | Killed an orc warlord
 19923 | Orc:2    | Reached XP level 15. HP: 100/134 MP: 15/15
 20068 | Orc:2    | Reached skill level 16 in Shields
 20078 | Orc:2    | Bought a cursed ring of attention for 49 gold pieces
 20078 | Orc:2    | Bought a cursed amulet of inaccuracy for 22 gold pieces
 20091 | Orc:2    | Found Idaj Lueday's Antique Weapon Boutique.
 20230 | Orc:2    | Found Moykyek's General Store.
 20238 | Orc:2    | Bought a scroll of teleportation for 33 gold pieces
 20548 | D:15     | Entered Level 15 of the Dungeon
 20614 | D:15     | Received a gift from Okawaru
 20768 | D:15     | Found a bloodstained altar of Trog.
 21058 | D:15     | Found a staircase to the Depths.
 21635 | Lair:4   | Reached skill level 17 in Shields
 21778 | Lair:4   | You fall into a shaft and drop 1 floor!
 22172 | Lair:5   | Received a gift from Okawaru
 22186 | Lair:5   | Got a polished morningstar {god gift}
 22187 | Lair:5   | Identified the +5 morningstar "Concordance" {freeze, Int+4}
                  | (Okawaru gifted it to you on level 5 of the Lair of Beasts)
 22197 | Lair:5   | Noticed Nessos
 22208 | Lair:5   | Killed Nessos
 22827 | Lair:4   | Reached skill level 5 in Stealth
 23044 | Lair:6   | Entered Level 6 of the Lair of Beasts
 23315 | Lair:5   | Received a gift from Okawaru
 23879 | Lair:6   | Reached XP level 16. HP: 145/145 MP: 16/16
 23901 | Lair:6   | Found a large runed translucent door.
 24151 | Lair:6   | Found a large runed translucent door.
 24369 | Lair:6   | Reached skill level 18 in Shields
 24620 | Elf:1    | Entered Level 1 of the Elven Halls
 24835 | Elf:1    | Found a frozen archway.
 24844 | IceCv    | Entered an ice cave
 25070 | IceCv    | Got a translucent quarterstaff
 25140 | IceCv    | Identified the cursed +1 quarterstaff "Yniuk" {holy, rF+
                  | Str+4 SInv} (You found it in an ice cave)
 25505 | IceCv    | Identified the Papyrus of Virous Changing
 25531 | IceCv    | Identified a +2 pair of boots of running (You found it in
                  | an ice cave)
 26064 | Elf:1    | Received a gift from Okawaru
 26903 | Elf:1    | Reached skill level 19 in Shields
 27651 | Elf:2    | Found a huge runed translucent gate.
 27652 | Elf:2    | Found a huge runed translucent gate.
 27653 | Elf:2    | Found a huge runed translucent gate.
 27655 | Elf:2    | Found a huge runed translucent gate.
 27655 | Elf:2    | Found a huge runed translucent gate.
 28126 | Elf:3    | Entered Level 3 of the Elven Halls
 28458 | Elf:3    | Noticed Bai Suzhen
 28467 | Elf:3    | Killed Bai Suzhen
 28467 | Elf:3    | Received a gift from Okawaru
 28474 | Elf:3    | Got an encrusted morningstar {god gift}
 28475 | Elf:3    | Identified the +7 morningstar of the Demagogue {drain, +Fly
                  | rF+ Str+2} (Okawaru gifted it to you on level 3 of the
                  | Elven Halls)
 28692 | Elf:3    | Reached XP level 17. HP: 132/154 MP: 17/17
 28839 | Elf:3    | Noticed Nikola
 28904 | Elf:3    | Killed Nikola
 28913 | Elf:3    | Killed from afar by a deep elf sorcerer

Levels and vault maps discovered:
D:1:      wander_arrival_peaceful_grave, layout_basic
D:2:      layout_loops_ring, dk_vineyard_1
D:3:      layout_rooms, chequers_ecumenical_altar_grove, first_ration
D:4:      layout_basic, minmay_temple_entry_crystal_x
D:5:      layout_basic, kennysheep_mini_moat, st_stairs_12,
          kennysheep_another_room
D:6:      layout_cave_pools, zin_purify, serial_shops, nicolae_shop_waterfront
D:7:      layout_cave_pods, okawaru_humans, fiery_altar_vehumet
D:8:      layout_rooms, nicolae_overflow_crystal_walls, lemuel_altar_in_water,
          uniq_joseph
D:9:      layout_loops_cross, kiku_gazebo_garden_becter
D:10:     layout_loops_cross, uniq_sonja
D:11:     layout_grid_maze, david_lair_generic
D:12:     layout_gridville, erik_orc_3, uniq_urug, uniq_kirke, uniq_jorgrun
D:13:     layout_stronghold
D:14:     layout_loops_cross, lightli_vaults_fourway_checkpoint, minivault_4,
          serial_shops, nicolae_shop_behind_doors,
          hangedman_little_slice_of_home
D:15:     grunt_enter_depths_magical_seal, layout_stronghold,
          hangedman_decor_riveting, trog_ov_bears_minmay
Temple:   eino_temple_rhombus
Lair:1:   layout_big_grid, serial_bayou, serial_bayou_pond_b,
          serial_bayou_lagoon_b, serial_bayou_pond_e, serial_bayou_crossing,
          gauntlet_entry_generic, grunt_megastairs_5
Lair:2:   layout_hall_layers, skrybe_swamp_entry_bodies,
          nicolae_spider_entry_orb_guardian, st_stairs_9, uniq_nergalle
Lair:3:   layout_regular_city, worms_lemuel, infiniplex_staircase_pool
Lair:4:   layout_regular_city, nicolae_quartered_pool_super, ice2_lemuel,
          lemuel_fruit_fields
Lair:5:   layout_loops_ring, beast_lair_carwin_9, grunt_megastairs_2,
          uniq_nessos
Lair:6:   cheibrodos_lair_end_hotspot, layout_misc_corridors, slime_altar_1
Orc:1:    giant_chief_lemuel, layout_diamond_mine, basic_altar
Orc:2:    grunt_orc_gardens, layout_diamond_mine, grunt_orc_garden,
          grunt_orc_garden, grunt_orc_garden, grunt_orc_garden, enter_volcano_2
Elf:1:    minmay_elf_arrival_summoners, layout_loops_cross,
          portal_ice_cave_entry_ugly_swarm, hangedman_corner_corridor
Elf:2:    layout_onion_city, st_stairs_3, minivault_26
Elf:3:    minmay_elf_hall_statues, layout_geoelf_castle, dk_noncrumbling_2,
          uniq_bai_suzhen, uniq_nikola

Skill      XL: |  1  2  3  4  5  6  7  8  9 10 11 12 13 14 15 16 17 |
---------------+----------------------------------------------------+-----
Armour         | 4 5 6 7 9 10 11 12 13 | 13.5
Fighting       | 4 5 6 7 8 9 10 11 12 13 14 | 14.9
Shields        | 4 5 7 8 10 11 12 14 15 17 19 | 19.5
Long Blades    | 3 4 5 7 |  7.8
Dodging        | 1 2 3 5 7 8 9 |  9.6
Maces & Flails | 4 7 10 12 14 15 16 17 18 | 18.0
Stealth        | 1 3 4 5 6 |  6.3
Invocations    | 1 2 |  2.0
Evocations     | |  0.5

Action                   |  1- 3 |  4- 6 |  7- 9 | 10-12 | 13-15 | 16-18 || total
-------------------------+-------+-------+-------+-------+-------+-------++-------
Melee: Long sword        |    71 |   188 |   122 |       |       |       ||   381
       Headbutt          |    13 |    28 |    62 |    89 |   284 |   128 ||   604
       Morningstar       |       |       |   182 |   376 |   949 |   478 ||  1985
Invok: Heroism           |       |       |     1 |     8 |     3 |     2 ||    14
       Finesse           |       |       |       |     1 |       |       ||     1
Evoke: Wand              |       |       |       |     4 |       |       ||     4
  Use: Potion            |       |     2 |     1 |     1 |     2 |       ||     6
       Scroll            |       |     1 |     8 |    12 |    13 |     6 ||    40
 Stab: Distracted        |       |       |       |     1 |     3 |     1 ||     5
       Petrifying        |       |       |       |     1 |       |       ||     1
       Sleeping          |       |       |       |       |    29 |     8 ||    37
  Eat: Chunk             |       |     5 |    16 |    19 |    41 |    13 ||    94
       Ration            |       |     1 |       |       |     1 |       ||     2
Armor: Scale mail        |    35 |    38 |       |       |       |       ||    73
       Chain mail        |       |    33 |    80 |       |       |       ||   113
       Plate armour      |       |       |   173 |   139 |       |       ||   312
       Swamp dragon scal |       |       |       |    10 |   250 |   104 ||   364
Dodge: Dodged            |    34 |    56 |   121 |    86 |   282 |   138 ||   717
Block: Shield            |    43 |   109 |   260 |   233 |       |       ||   645
       Large shield      |       |       |       |    66 |  1309 |   486 ||  1861
       Reflection        |       |       |       |       |    72 |    17 ||    89
       Rpst.: Long sword |    10 |    19 |     7 |       |       |       ||    36
